 Dungeon Crawl Stone Soup version 0.18.1-5-g4a78601 (webtiles) character file.

42 oplop the Insei (level 3, 0/24 HPs)
             Began as an Octopode Transmuter on May 9, 2016.
             Slain by an adder (4 damage)
             ... on level 2 of the Dungeon.
             The game lasted 00:01:43 (1211 turns).

oplop the Insei (Octopode Transmuter)               Turns: 1211, Time: 00:01:43

Health: 0/24       AC:  1    Str:  9    XL:     3   Next: 56%
Magic:  5/6        EV: 12    Int: 19    God:
Gold:   106        SH:  0    Dex: 12    Spells: 2 memorised, 3 levels left

rFire  . . .     SeeInvis .       - Unarmed
rCold  . . .     Gourm    .     (no shield)
rNeg   . . .     Faith    .     (helmet restricted)
rPois  .         Spirit   .     (no amulet)
rElec  .         Dismiss  .     m - +3 ring of intelligence
rCorr  .         Reflect  .     (no ring)
SustAt .         Harm     .     (no ring)
MR     .....                    (no ring)
Stlth  ++........               (no ring)
                                (no ring)
                                (no ring)
                                (no ring)

@: appendage, not resistant to hostile enchantments, unstealthy
A: almost no armour, amphibious, 8 rings, constrict 8, tentacle spike 3,
camouflage 1, gelatinous body 1
a: End Transformation


You were on level 2 of the Dungeon.
You were not hungry.
One of your tentacles had a temporary spike.
You visited 1 branch of the dungeon, and saw 2 of its levels.

You collected 106 gold pieces.

Inventory:

Missiles
 a - 11 arrows
Armour
 n - a +0 buckler
Jewellery
 m - a +3 ring of intelligence (left tentacle)
Wands
 p - a wand of disintegration (8/24)
Scrolls
 e - 2 scrolls of enchant weapon {unknown}
 f - 3 scrolls of remove curse {unknown}
 g - a scroll of recharging {unknown}
 h - a scroll of identify {unknown}
 i - a scroll of magic mapping {unknown}
 j - a scroll of fear {unknown}
 k - 2 scrolls of amnesia {unknown}
Potions
 d - 2 potions of resistance {unknown}
 o - a potion of might {unknown}
Books
 b - a book of Changes

   Spells                             Type                      Level
   a - Beastly Appendage              Transmutation                1
   b - Sticks to Snakes               Transmutation                2
   c - Spider Form                    Transmutation/Poison         3
   d - Ice Form                       Ice/Transmutation            4
   e - Blade Hands                    Transmutation                5
Comestibles
 c - 2 bread rations
 l - a meat ration


   Skills:
 + Level 1.7 Fighting
 + Level 2.4 Dodging
 + Level 3.2 Unarmed Combat
 + Level 2.2 Spellcasting
 * Level 2.6 Transmutations


You had 3 spell levels left.
You knew the following spells:

 Your Spells              Type           Power        Failure   Level  Hunger
a - Beastly Appendage     Trmt           ##....       8%          1    #......
b - Sticks to Snakes      Trmt           ##......     10%         2    ##.....


Dungeon Overview and Level Annotations

Branches:
Dungeon (2/15)

Altars:


Innate Abilities, Weirdness & Mutations

You cannot wear most types of armour.
You are amphibious.
You can wear up to eight rings at the same time.
You can use your tentacles to constrict eight enemies at once.
Your skin changes colour to match your surroundings (Stealth).
Your rubbery body absorbs attacks (AC +1).
One of your tentacles bears a large vicious spike.


Message History

Casting: Beastly Appendage
Confirm with . or Enter, or press ? or * to list all spells.
One of your tentacles grows a vicious spike.
You constrict the hobgoblin. The hobgoblin hits you.
* * * LOW HITPOINT WARNING * * *
The adder closely misses you.
Unknown command.
You tentacle-slap the hobgoblin.
You kill the hobgoblin!
The adder bites you.
* * * LOW HITPOINT WARNING * * *
Unknown command.
You barely miss the adder. Your grab misses the adder.
The adder closely misses you.
Unknown command.
You tentacle-slap the adder but do no damage.
Your grab misses the adder. Your squeeze misses the adder. The adder bites you.
* * * LOW HITPOINT WARNING * * *
The adder bites you.
You die...

#...........#
#...........#
...........#
...>......# ###
........ ...
.....
###.###†S#
.......@.#
..##.....#
+..)...#
#......#
#......#
##.##'##
##+##'####
.....#........#
#+#.
.....#........#


You could see an adder.

Vanquished Creatures
  An adder (D:2)
  An ooze (D:1)
  A dart slug (D:2)
  A giant gecko (D:1)
  5 bats
  5 goblins
  A hobgoblin (D:2)
  2 jackals (D:2)
  2 giant newts
  4 kobolds
  3 rats
26 creatures vanquished.

Notes
Turn   | Place    | Note
--------------------------------------------------------------
     0 | D:1      | oplop the Octopode Transmuter began the quest for the Orb.
     0 | D:1      | Reached XP level 1. HP: 13/13 MP: 3/3
    67 | D:1      | Reached XP level 2. HP: 16/18 MP: 3/5
   605 | D:2      | Reached XP level 3. HP: 10/23 MP: 4/6
   999 | D:1      | Learned a level 2 spell: Sticks to Snakes
  1211 | D:2      | Slain by an adder

Action                   || total
-------------------------++-------
Melee: Unarmed           ||    47
       Tentacles         ||     9
       Constrict         ||    11
       Kick              ||     5
       Punch             ||     1
 Cast: Beastly Appendage ||    19
       Sticks to Snakes  ||     1
 Stab: Sleeping          ||     5
  Eat: Chunk             ||     1
Armor: Skin              ||     4
Dodge: Dodged            ||    27
